 Dungeon Crawl Stone Soup version 0.17-a0-1920-gafa4d75 (webtiles) character file.

470489 glosham the Stormcaller (level 25, -2/171 HPs)
             Began as a Halfling Summoner on Sept 22, 2015.
             Was the Champion of Makhleb.
             Killed from afar by a titan (6 damage)
             ... with a bolt of lightning
             ... while paralysed by a hornet
             ... on level 5 of the Vaults on Sept 27, 2015.
             The game lasted 1 day 09:07:23 (75011 turns).

glosham the Stormcaller (Halfling Summoner)    Turns: 75011, Time: 1 , 09:07:23

Health: -2/171     AC: 26    Str: 10    XL:     25   Next: 90%
Magic:  28/45      EV:  3    Int: 26    God:    Makhleb [******]
Gold:   937        SH:  0    Dex: 16    Spells: 15 memorised, 0 levels left

rFire  + + +     SeeInvis +     a - +10 hand crossbow "Umoll" {velocity, rElec MR+ Int+4}
rCold  + . .     Clarity  .     Z - +6 fire dragon armour
rNeg   . . .     SustAt   .     (shield restricted)
rPois  .         Gourm    .     U - +2 helmet "Xexkas" {Regen+}
rElec  +         Spirit   .     Y - +0 cloak "Jankagoe" {*Drain rC+ Slay+5 SInv}
rCorr  .         Warding  .     V - +2 pair of gloves
rMut   .         Stasis   .     W - +1 pair of boots "Heuwoghu" {rC+ Str+2 Dex-3 Slay+2}
MR     +++..                    z - amulet of regeneration
Stlth  ++........               M - ring of wizardry
                                A - ring "Gofull" {rF+ MR+ Slay+5 Stlth+}

@: paralysed, lethally poisoned (-2 -> -6), very slightly contaminated, slowed,
deflect missiles, extremely resistant to hostile enchantments, unstealthy
A: mutation resistance 1
a: Minor Destruction, Lesser Servant of Makhleb, Major Destruction, Greater
Servant of Makhleb, Renounce Religion
}: 2/15 runes: serpentine, barnacled


You were on level 5 of the Vaults.
You worshipped Makhleb.
Makhleb was exalted by your worship.
You were not hungry.

You visited 10 branches of the dungeon, and saw 51 of its levels.
You also visited: Labyrinth.

You collected 7208 gold pieces.
You spent 6271 gold pieces at shops.

Inventory:

Hand weapons
 a - the +10 hand crossbow "Umoll" (weapon) {velocity, rElec MR+ Int+4}
   (You found it on level 2 of the Snake Pit)

   Any bolt fired from it inflicts extra damage.
   It affects your intelligence (+4).
   It insulates you from electricity.
   It affects your resistance to hostile enchantments.
 b - a +7 lajatang of speed
Missiles
 e - 966 bolts (quivered)
 f - 87 silver bolts
Armour
 U - the +2 helmet "Xexkas" (worn) {Regen+}
   (You found it on level 3 of the Elven Halls)

   It increases your rate of regeneration.
 V - a +2 pair of gloves (worn)
 W - the +1 pair of boots "Heuwoghu" (worn) {rC+ Str+2 Dex-3 Slay+2}
   (You found it in a labyrinth)

   It affects your strength (+2).
   It affects your dexterity (-3).
   It affects your accuracy and damage with ranged weapons and melee attacks
   (+2).
   It protects you from cold.
 Y - the +0 cloak "Jankagoe" (worn) {*Drain rC+ Slay+5 SInv}
   (You bought it in a shop on level 4 of the Orcish Mines)

   It affects your accuracy and damage with ranged weapons and melee attacks
   (+5).
   It protects you from cold.
   It lets you see invisible.
   It causes draining when unequipped.
 Z - a +6 fire dragon armour (worn)
Magical staves
 d - an uncursed staff of death
 w - an uncursed staff of energy {!a}
Jewellery
 t - an uncursed amulet of resist mutation
 u - an uncursed amulet of stasis
 v - an uncursed amulet of warding
 x - an uncursed amulet of resist corrosion
 y - an uncursed amulet of clarity
 z - an amulet of regeneration (around neck)
 A - the ring "Gofull" (left hand) {rF+ MR+ Slay+5 Stlth+}
   (You took it off a deep elf mage on level 3 of the Elven Halls)

   [ring of protection from fire]

   It affects your accuracy and damage with ranged weapons and melee attacks
   (+5).
   It protects you from fire.
   It affects your resistance to hostile enchantments.
   It makes you more stealthy.
 B - the ring "Xiefir" {rPois rF+ MR+}
   (You found it on level 3 of the Vaults)

   [ring of protection from fire]

   It protects you from fire.
   It protects you from poison.
   It affects your resistance to hostile enchantments.
 F - an uncursed ring of flight
 M - a ring of wizardry (right hand)
 N - an uncursed ring of positive energy
 Q - an uncursed ring of teleportation
 S - an uncursed ring of sustain attributes
Magical devices
 g - a wand of digging (8)
 h - a wand of disintegration (11)
 L - a wand of draining (8)
Scrolls
 j - 9 scrolls of teleportation
 k - 5 scrolls of blinking
 l - 7 scrolls of fog
 m - 6 scrolls of fear
 n - 5 scrolls of remove curse
 o - 12 scrolls of identify
Potions
 p - 19 potions of curing
 q - a potion of heal wounds
 r - 2 potions of magic
 s - 8 potions of resistance
 C - 4 potions of haste
 D - 2 potions of agility
 E - 3 potions of might
 H - 3 potions of cancellation
 I - 8 potions of brilliance
Miscellaneous
 G - a fan of gales
Comestibles
 i - 16 meat rations


   Skills:
 - Level 14.3 Fighting
   Level 1.8 Short Blades
 * Level 12.0 Staves
 * Level 7.2 Armour
 * Level 13.3 Dodging
 - Level 4.0 Stealth
 * Level 18.4 Spellcasting
 - Level 8.4 Charms
 - Level 8.0 Summonings
 - Level 11.1 Necromancy
 - Level 9.1 Translocations
 - Level 2.0 Transmutations
 - Level 20.2 Air Magic
 * Level 6.0 Evocations


You couldn't memorise any spells.
You knew the following spells:

 Your Spells              Type           Power        Failure   Level  Hunger
a - Apportation           Tloc           ######....   1%          1    None
b - Blink                 Tloc           N/A          1%          2    None
d - Deflect Missiles      Chrm/Air       #######...   4%          6    ###....
e - Airstrike             Air            #######...   1%          4    None
g - Passage of Golubria   Tloc           N/A          1%          4    None
j - Aura of Abjuration    Summ           ######....   7%          5    None
p - Phase Shift           Tloc           ######....   4%          5    None
r - Regeneration          Chrm/Necr      ######....   1%          3    None
t - Tornado               Air            #######...   94%         9    #######
w - Passwall              Trmt/Erth      ####......   12%         3    None
z - Summon Lightning Spi  Summ/Air       #######.     1%          4    None
C - Shadow Creatures      Summ           N/A          7%          5    None
H - Swiftness             Chrm/Air       #######.     1%          2    None
R - Corpse Rot            Necr           N/A          1%          2    None
S - Silence               Hex/Air        ######....   4%          5    None


Dungeon Overview and Level Annotations

Branches:
Dungeon (15/15)            Temple (1/1) D:6            Lair (8/8) D:8
 Shoals (4/4) Lair:3        Snake (4/4) Lair:4        Slime (0/6) Lair:6
    Orc (4/4) D:11            Elf (3/3) Orc:3        Vaults (5/5) D:14
  Crypt (2/3) Vaults:3     Depths (5/5) D:15            Zot (0/5) Depths:5

Altars:
Ashenzari
Cheibriados
Dithmenos
Elyvilon
Fedhas
Gozag
Kikubaaqudgha
Makhleb
Nemelex Xobeh
Okawaru
Qazlal
Ru
Sif Muna
Trog
Vehumet
Xom
Yredelemnul
Zin
The Shining One
Beogh
Jiyva
Lugonu

Shops:
D:7 ?(!%   D:15 [   Orc:2 :   Orc:4 [!([   Elf:1 *   Elf:3 }   Shoals:1 [[[
Shoals:4 !   Vaults:4 !

Portals:
Hell: Depths:1 Depths:2 Depths:3 Depths:4 Depths:5
Abyss: Elf:1 Depths:1 Depths:3 Depths:4
Pandemonium: Depths:3 Depths:4
Ziggurat: Depths:4

Annotations:
Crypt:2 26 runed doors, exclusions: 19 doors and 17 more exclusions
Depths:1 2 runed doors


Innate Abilities, Weirdness & Mutations

You are small and have problems with some larger weapons.
You are somewhat resistant to further mutation.


Message History

The stone giant throws a large rock.
The large rock completely misses you.
Your lightning spire shoots out a bolt of lightning at the stone giant!
The bolt of electricity hits the stone giant.
The ettin closely misses you. The ettin hits you with a great mace!!
The stone giant hits your lightning spire.
You enter the passage of Golubria.
An octopode comes into view.
The octopode changes into a hornet!
The titan hits you!
The stone giant hits your lightning spire!!
Your lightning spire is destroyed!
You enter the passage of Golubria.
You are firmly grounded in the material plane once more.
The hornet buzzes angrily.
The titan shouts!
The titan gestures at you while chanting.
The bolt of lightning misses you.
Put on which piece of jewellery? (? for menu, Esc to quit)
Okay, then.
The hornet barely misses you.
The ettin enters the passage of Golubria.
The titan barely misses you. The hornet stings you.
You are poisoned.
You suddenly lose the ability to move!
You feel sick. The hornet stings you!
You are more poisoned.
You feel yourself slow down. The ettin hits you with a dire flail!!
The ettin hits you but does no damage.
The hornet stings you but does no damage.
You feel sick.
The hornet changes into a queen bee!
The titan hits you!!
* * * LOW HITPOINT WARNING * * *
The ettin hits you but does no damage. The ettin hits you with a great mace!!
* * * LOW HITPOINT WARNING * * *
A deep elf sorcerer comes into view. It is wielding a long sword.
* * * LOW HITPOINT WARNING * * *
You feel sick.
The queen bee changes into a two-headed ogre!
The titan points at you and mumbles some strange words.
Helpless, you fail to dodge the bolt of lightning.
You resist.
You die...

..##..##..##..#....# ##...#......
##..##..##..###....###...(##....#
##..##..##^.###....##.....)##...#
..##..##..##..#....#........##...
..##..##..##..........##..8..##..
#############........######### ##
...........)....<<..........
...............<..<.........
8/...†..........@O..........
................CC.....e....
#############)....^..############
..L.......).(...........##...(..#
..Cu.......(..#....#.C..##.C(...#
#####...####..#....#.%......##...
# ##..### ....#....#......(.##...
# #=.## ....#....###..(.......# #
#.## ###.e#....# #..........#


You could see 2 titans, an ettin, a deep elf sorcerer (wandering) and a
two-headed ogre shaped shifter.

Vanquished Creatures
  An ancient lich (Vaults:5)
  Vashnia (Snake:2)
  A golden dragon (Depths:4)
  Nikola (Snake:3)
  Xtahua (Depths:5)
  2 bone dragons (Depths:5)
  3 tentacled monstrosities
  A deep elf blademaster (Elf:3)
  A quicksilver dragon (Vaults:5)
  2 deep elf master archers (Elf:3)
  2 sphinxes
  2 storm dragons
  Kirke (Snake:2)
  A tengu reaver (Vaults:5)
  A revenant (Crypt:1)
  5 greater nagas
  Donald (Orc:3)
  4 fire giants
  9 frost giants
  An iron dragon (Depths:4)
  4 deep elf sorcerers
  A ghost moth (shapeshifter) (Vaults:5)
  Louise (Elf:3)
  6 vault wardens
  A curse skull (Crypt:2)
  3 ghouls (Crypt:1)
  2 war gargoyles (Vaults:5)
  8 ironheart preservers
  12 stone giants
  3 spriggan defenders
  13 very ugly things
  A draconian caller (Depths:5)
  7 deep elf demonologists (Elf:3)
  2 green draconians (Depths:5)
  A purple draconian (Depths:5)
  4 salamander stormcallers
  3 vampire knights
  2 dire elephants (Depths:2)
  7 ettins
  A red draconian (Depths:5)
  2 yellow draconians (Depths:5)
  7 deep elf annihilators
  2 eidola (Crypt:1)
  A mottled draconian (Depths:5)
  6 merfolk javelineers
  8 deep elf death magi
  3 deep elf high priests
  19 vault guards
  5 jiangshi
  5 fire dragons
  5 merfolk impalers
  7 yaktaur captains
  4 ice dragons
  2 entropy weavers
  4 spriggan air magi (Depths:5)
  6 naga warriors
  4 hydras
  9 great orbs of eyes
  A merfolk avatar (Depths:1)
  A merfolk aquamancer (Shoals:4)
  14 centaur warriors
  11 ogre magi
  2 death yaks (Lair:5)
  6 dancing weapons (Elf:2)
  4 deep troll shamans
  4 anacondas
  A queen ant (Lair:8)
  3 shock serpents
  7 vampire magi
  5 deep troll earth magi
  A tengu warrior (Depths:2)
  5 naga sharpshooters
  An orc high priest (Elf:1)
  Sonja (Lair:1)
  2 spriggan berserkers
  A salamander mystic (Snake:2)
  A sun demon (Depths:5)
  18 deep elf knights
  4 unseen horrors
  A shadow wraith (Vaults:4)
  A fire crab (shapeshifter) (Elf:3)
  A soul eater (Depths:3)
  A sea snake (shapeshifter) (Vaults:4)
  3 hell knights
  13 skeletal warriors
  2 fire crabs
  2 wizards
  12 sea snakes
  A storm dragon skeleton (Vaults:4)
  A naga ritualist (Snake:1)
  A giant orange brain (Depths:2)
  4 deep elf summoners
  9 ironbrand convokers
  23 deep trolls
  A hill giant (shapeshifter) (Depths:1)
  4 phantasmal warriors
  A flayed ghost (Crypt:2)
  3 hill giants
  2 orc sorcerers
  2 fauns
  8 griffons
  20 deep elf conjurers
  12 orc knights
  7 manticores
  5 salamanders
  4 necromancers
  A fire giant zombie (Crypt:1)
  A manticore (shapeshifter) (D:15)
  21 harpies
  2 shadow dragon skeletons
  4 mana vipers
  A frost giant zombie (Crypt:1)
  2 guardian serpents
  A faun (shapeshifter) (Vaults:5)
  26 ugly things
  26 black mambas
  An orb spider (shapeshifter) (Depths:4)
  4 sirens
  5 hornets
  5 cyclopes
  A wolf spider (Vaults:1)
  12 naga magi
  An elephant (Lair:6)
  A water nymph (Shoals:1)
  Maurice (Orc:1)
  8 vault sentinels
  4 komodo dragons
  A spiny frog (Lair:7)
  An efreet (D:13)
  6 kobold demonologists
  A fire drake (Lair:2)
  A yaktaur (shapeshifter) (Vaults:4)
  A freezing wraith (D:14)
  3 tengu conjurers
  2 yaktaur skeletons (Vaults:4)
  10 deep elf priests
  A guardian mummy (Crypt:1)
  A jumping spider (shapeshifter) (Elf:1)
  39 yaktaurs
  A hydra zombie (Crypt:1)
  2 harpy zombies
  18 merfolk
  A spriggan druid (Lair:8)
  The ghost of Anothat the Ruffian, an experienced VSMo of Qazlal (D:5)
  A wind drake (shapeshifter) (Depths:5)
  7 polar bears (Lair:8)
  A griffon zombie (Shoals:4)
  3 trolls
  18 two-headed ogres
  A stone giant simulacrum (Vaults:4)
  A minotaur skeleton (Lab)
  3 boulder beetles
  A fire giant simulacrum (Vaults:3)
  16 slime creatures
  2 wind drakes (Shoals:4)
  9 blink frogs
  A trapdoor spider (Lab)
  5 flying skulls (Crypt:2)
  A spriggan simulacrum (Depths:2)
  A slime creature (shapeshifter) (Vaults:5)
  5 spriggans (Lair:8)
  5 shadows
  10 deep elf magi
  14 redbacks
  26 yaks
  10 hippogriffs
  7 air elementals
  25 deep elf fighters
  A satyr skeleton (Crypt:2)
  2 snapping turtles
  6 water elementals
  A fire bat (shapeshifter) (Vaults:5)
  A tarantella (Depths:1)
  4 wraiths
  5 hogs (Snake:2)
  9 vampires
  A basilisk (shapeshifter) (Vaults:4)
  2 fire elementals (D:15)
  4 basilisks
  A steam dragon (shapeshifter) (Vaults:3)
  38 nagas
  25 vampire mosquitoes
  13 human zombies
  8 hungry ghosts
  3 wargs
  A spatial vortex (Vaults:2)
  A steam dragon (Lair:7)
  3 soldier ants
  7 hell hounds
  5 water moccasins
  12 wolves
  14 porcupines
  15 orc warriors
  3 ice beasts
  2 sky beasts
  A black bear (Lair:8)
  11 boggarts
  3 wasps
  A necrophage (Crypt:1)
  A swamp drake (Lair:7)
  34 ogres
  2 snapping turtle skeletons (Crypt:1)
  32 centaurs
  A hog skeleton (Crypt:2)
  17 giant frogs
  17 crocodiles
  A wyvern zombie (D:15)
  5 big kobolds
  A gnoll sergeant (D:8)
  A wyvern skeleton (D:13)
  8 scorpions
  A hippogriff zombie (Shoals:4)
  14 wights
  A killer bee (shapeshifter) (Depths:5)
  4 electric eels
  8 killer bees
  A wolf skeleton (Crypt:1)
  A giant frog zombie (D:13)
  4 hounds
  A raiju skeleton (Crypt:2)
  10 crimson imps
  2 jellies
  5 centaur zombies
  3 giant frog skeletons
  20 orc priests
  2 human simulacra (Vaults:3)
  Ijyb (D:2)
  4 centaur skeletons
  An iron imp (Depths:4)
  35 orc wizards
  6 iguanas
  2 gnoll shamans (D:8)
  2 human skeletons (Crypt:1)
  2 hell rats
  16 worker ants
  A killer bee zombie (D:8)
  2 sheep (Shoals:3)
  A dwarf zombie (Crypt:2)
  A hound skeleton (D:4)
  A mummy (Crypt:1)
  A worker ant zombie (D:11)
  Robin (D:4)
  A gnoll (D:8)
  6 adders
  A river rat (shapeshifter) (Depths:3)
  3 shadow imps
  22 river rats
  An ooze (D:7)
  An adder zombie (D:5)
  3 worms
  2 adder skeletons
  161 orcs
  10 bats
  8 giant cockroaches
  12 hobgoblins
  4 jackals (D:3)
  4 quokkas
  A ball python (D:5)
  5 giant geckos
  5 giant newts
  16 goblins
  19 kobolds
  10 rats
  A fungus (D:2)
  A lost soul (Crypt:1)
  2 plants
1626 creatures vanquished.

Vanquished Creatures (collateral kills)
  A juggernaut (Depths:3)
  Saint Roka (Elf:2)
  2 caustic shrikes
  Jory (Depths:5)
  A titan (Shoals:2)
  A deep elf blademaster (Elf:2)
  2 octopode crushers
  2 sphinxes
  2 ancient champions (Crypt:2)
  A shadow dragon (Depths:5)
  A tengu reaver (Depths:3)
  A greater naga (Snake:4)
  Roxanne (D:15)
  Ilsuiw (Shoals:3)
  Wiglaf (Snake:2)
  5 frost giants
  An iron dragon (Depths:4)
  A balrug (Depths:5)
  Aizul (Snake:2)
  4 fire giants
  5 vault wardens
  6 very ugly things
  7 ironheart preservers
  3 stone giants
  2 green draconians (Depths:5)
  3 dire elephants (Depths:2)
  Azrael (D:15)
  A deep elf annihilator (Elf:3)
  A purple draconian (Depths:5)
  2 eidola
  20 vault guards
  3 ettins
  7 merfolk javelineers
  A minotaur (Lab)
  A crystal guardian (Vaults:4)
  4 deep elf death magi
  2 yaktaur captains
  4 merfolk impalers
  2 deep elf high priests
  3 great orbs of eyes
  6 ogre magi
  A great orb of eyes (shapeshifter) (Depths:3)
  9 fire dragons
  4 hydras
  6 ice dragons
  10 naga warriors
  6 rakshasas
  A catoblepas (D:13)
  5 anacondas
  A spriggan air mage (Depths:3)
  Erica (D:8)
  7 dancing weapons (Elf:2)
  An alligator snapping turtle (Shoals:4)
  3 centaur warriors
  4 merfolk aquamancers
  A merfolk avatar (Shoals:4)
  A tengu warrior (Depths:2)
  4 vampire magi
  7 death yaks
  11 naga sharpshooters
  2 deep troll shamans (Depths:4)
  5 shock serpents
  10 deep troll earth magi
  2 spriggan berserkers
  2 hell knights (Depths:4)
  A fire crab (shapeshifter) (Depths:2)
  11 skeletal warriors
  3 flayed ghosts
  A fire crab (Vaults:2)
  14 deep trolls
  9 deep elf summoners
  15 deep elf knights
  2 phantasmal warriors
  12 sea snakes
  A naga ritualist (Snake:3)
  2 giant orange brains
  4 ironbrand convokers
  20 harpies
  A tengu zombie (Depths:2)
  4 mana vipers
  9 orc knights
  7 hill giants
  11 deep elf conjurers
  4 necromancers
  9 orc sorcerers
  4 fauns
  2 tengu skeletons
  A wizard (Depths:2)
  4 griffons
  5 manticores
  24 ugly things
  2 frost giant zombies (Vaults:3)
  A fire giant zombie (Depths:2)
  4 wolf spiders
  2 cyclopes
  A salamander (shapeshifter) (D:15)
  3 salamanders
  4 water nymphs
  4 elephants (Lair:6)
  6 vault sentinels
  6 naga magi
  A torpor snail (shapeshifter) (Vaults:4)
  14 black mambas
  8 sirens
  A guardian serpent (Lair:4)
  7 spiny frogs
  7 yaktaurs
  A yaktaur (shapeshifter) (Vaults:1)
  A fire drake (Lair:7)
  A kobold demonologist (Vaults:3)
  6 freezing wraiths
  19 merfolk
  A spriggan druid (Lair:8)
  3 polar bears (Lair:8)
  A komodo dragon (Lair:1)
  5 deep elf priests
  A merfolk (shapeshifter) (Vaults:5)
  6 two-headed ogres
  6 trolls
  3 tengu conjurers
  3 harpy zombies
  2 wind drakes
  Prince Ribbit (D:7)
  9 slime creatures
  A trapdoor spider zombie (D:13)
  A stone giant simulacrum (Vaults:2)
  6 boulder beetles
  12 spriggans
  14 blink frogs
  A griffon zombie (Shoals:4)
  A flying skull (Crypt:2)
  2 snapping turtles
  A spriggan (shapeshifter) (Depths:5)
  12 deep elf magi
  3 redbacks
  6 water elementals
  An air elemental (Depths:5)
  3 wraiths
  A vampire (Crypt:2)
  A hog (Snake:2)
  2 basilisks
  2 tarantellas (shapeshifter)
  A fire elemental (D:15)
  23 wolves
  2 wyverns
  40 yaks
  5 hungry ghosts
  19 deep elf fighters
  A human (shapeshifter) (Depths:3)
  A soldier ant (shapeshifter) (Vaults:1)
  7 vampire mosquitoes
  2 hippogriffs
  12 nagas
  5 porcupines
  2 soldier ants (Lair:8)
  7 wargs
  2 mottled dragons
  23 orc warriors
  5 boggarts (D:15)
  8 water moccasins
  A sky beast (D:8)
  A swamp drake (Lair:7)
  3 wasps
  12 centaurs
  2 snapping turtle skeletons (Crypt:2)
  An eye of draining (shapeshifter) (Vaults:1)
  2 phantoms
  2 black bears (Lair:8)
  7 crocodiles
  39 ogres
  2 big kobolds
  4 giant frogs
  An ogre simulacrum (Vaults:1)
  11 killer bees
  2 wights (D:9)
  An elf zombie (Vaults:3)
  A yak skeleton (Crypt:2)
  A wolf skeleton (Crypt:2)
  An electric eel (Snake:2)
  A crimson imp (D:8)
  13 orc priests
  Crazy Yiuf (D:2)
  2 centaur skeletons
  2 jellies
  4 hounds
  26 orc wizards
  2 sheep (Shoals:3)
  16 worker ants
  3 mummies (Crypt:1)
  4 adders
  9 gnolls
  5 river rats
  2 oozes
  A giant gecko (D:9)
  90 orcs
  A giant cockroach (D:2)
  A goblin (D:1)
  5 hobgoblins
  A quokka (D:9)
  4 jackals (D:8)
  21 kobolds
  3 butterflies (Lair:8)
  2 crawling corpses (Elf:2)
  2 fungi (Lair:8)
  2 plants
1091 creatures vanquished.

Vanquished Creatures (others)
  An unseen horror (Vaults:1)
  A naga (Snake:2)
  3 ogres
  2 orcs
  A bush (D:8)
  2 fire vortices (Vaults:4)
  16 fungi
  19 plants
45 creatures vanquished.

Grand Total: 2762 creatures vanquished

Notes
Turn   | Place    | Note
--------------------------------------------------------------
     0 | D:1      | glosham the Halfling Summoner began the quest for the Orb.
     0 | D:1      | Reached XP level 1. HP: 11/11 MP: 3/3
   149 | D:1      | Reached skill level 1 in Fighting
   164 | D:1      | Reached XP level 2. HP: 5/18 MP: 1/4
   282 | D:1      | Reached skill level 1 in Short Blades
   587 | D:1      | Learned a level 2 spell: Call Imp
   664 | D:2      | Found an opulent altar of Gozag.
   840 | D:2      | Reached XP level 3. HP: 23/23 MP: 5/5
  1150 | D:2      | Reached skill level 2 in Fighting
  1364 | D:2      | Noticed Ijyb
  1377 | D:2      | Killed Ijyb
  1377 | D:2      | Reached XP level 4. HP: 25/30 MP: 2/6
  1610 | D:1      | Learned a level 4 spell: Summon Lightning Spire
  1857 | D:2      | Noticed Crazy Yiuf
  1887 | D:2      | Killed Crazy Yiuf
  1974 | D:3      | Reached skill level 1 in Air Magic
  2075 | D:3      | Reached XP level 5. HP: 32/36 MP: 2/7
  2395 | D:3      | Reached skill level 2 in Air Magic
  2629 | D:3      | Reached skill level 2 in Spellcasting
  2874 | D:3      | Reached XP level 6. HP: 41/41 MP: 9/9
  2885 | D:3      | Reached skill level 3 in Air Magic
  2904 | D:3      | Learned a level 3 spell: Call Canine Familiar
  3219 | D:4      | Found a glowing golden altar of the Shining One.
  3423 | D:4      | Reached skill level 4 in Air Magic
  3458 | D:4      | Reached skill level 4 in Summonings
  3483 | D:4      | Noticed Robin
  3515 | D:4      | Killed Robin
  3531 | D:4      | Reached XP level 7. HP: 32/45 MP: 10/10
  3615 | D:4      | Found a radiant altar of Vehumet.
  3905 | D:4      | Found a sacrificial altar of Ru.
  3918 | D:4      | Found a glowing silver altar of Zin.
  4007 | D:5      | Entered Level 5 of the Dungeon
  4186 | D:5      | Noticed Anothat's ghost (experienced VSMo)
  4225 | D:5      | Reached skill level 5 in Air Magic
  4277 | D:5      | Reached skill level 3 in Spellcasting
  4482 | D:5      | Reached skill level 5 in Summonings
  4482 | D:5      | Reached XP level 8. HP: 51/51 MP: 12/12
  4496 | D:5      | Killed Anothat's ghost
  4643 | D:5      | Reached skill level 6 in Air Magic
  4880 | D:5      | Reached skill level 4 in Spellcasting
  5190 | D:6      | Found a white marble altar of Elyvilon.
  5330 | D:6      | Found a staircase to the Ecumenical Temple.
  5339 | Temple   | Entered the Ecumenical Temple
  5368 | Temple   | Became a worshipper of Makhleb the Destroyer
  5588 | D:6      | Found a sparkling altar of Nemelex Xobeh.
  5633 | D:6      | Reached skill level 5 in Spellcasting
  5653 | D:6      | Found an iron altar of Okawaru.
  5836 | D:7      | Reached XP level 9. HP: 55/55 MP: 12/16
  6203 | D:7      | Found Puir's Food Emporium.
  6449 | D:7      | Acquired Makhleb's first power
  6478 | D:7      | Found Alesoah's Antique Weapon Shop.
  6492 | D:7      | Found Neschan's Magic Scroll Shoppe.
  6496 | D:7      | Reached skill level 7 in Air Magic
  6507 | D:7      | Learned a level 3 spell: Regeneration
  6566 | D:7      | Noticed Prince Ribbit
  6576 | D:7      | Killed Prince Ribbit
  6576 | D:7      | Reached skill level 1 in Charms
  6576 | D:7      | Reached skill level 1 in Necromancy
  6580 | D:7      | Learned a level 2 spell: Shroud of Golubria
  6644 | D:7      | Reached skill level 2 in Charms
  6644 | D:7      | Reached skill level 1 in Translocations
  6689 | D:7      | Found a deep blue altar of Sif Muna.
  6711 | D:7      | Found Nagemyd's Distillery.
  6764 | D:7      | Bought a pitted shortbow for 200 gold pieces
  6764 | D:7      | Identified the +5 shortbow of Lihiush {speed, MR++ SInv} (You bought it in a shop on level 7 of the Dungeon)
  6783 | D:7      | Bought a scroll of identify for 28 gold pieces
  6783 | D:7      | Bought a scroll of identify for 28 gold pieces
  6783 | D:7      | Bought a scroll of identify for 28 gold pieces
  6835 | D:8      | Reached skill level 3 in Dodging
  6835 | D:8      | Reached skill level 2 in Necromancy
  6850 | D:8      | Acquired Makhleb's second power
  6853 | D:8      | Reached skill level 4 in Dodging
  6865 | D:8      | Reached skill level 3 in Necromancy
  6902 | D:8      | Found a staircase to the Lair.
  6909 | D:8      | Reached XP level 10. HP: 52/62 MP: 13/18
  6912 | D:8      | Reached skill level 5 in Dodging
  6929 | D:8      | Reached skill level 4 in Necromancy
  6936 | D:8      | Reached skill level 6 in Dodging
  7303 | D:8      | Acquired Makhleb's third power
  7319 | D:8      | Reached skill level 5 in Necromancy
  7497 | D:8      | Noticed Erica
  7647 | D:8      | Reached skill level 7 in Dodging
  7838 | D:8      | Reached skill level 1 in Evocations
  7941 | D:8      | Killed Erica
  7941 | D:8      | Reached skill level 2 in Evocations
  8303 | D:8      | Acquired Makhleb's fourth power
  8413 | D:8      | Reached skill level 6 in Spellcasting
  8491 | D:8      | Reached XP level 11. HP: 66/66 MP: 13/20
  8660 | D:7      | Bought a potion of might for 48 gold pieces
  8660 | D:7      | Bought a potion of berserk rage for 60 gold pieces
  8660 | D:7      | Bought a potion of curing for 36 gold pieces
  8686 | Lair:1   | Entered Level 1 of the Lair of Beasts
  9179 | Lair:1   | Reached skill level 6 in Summonings
  9212 | Lair:1   | Noticed Sonja
  9219 | Lair:1   | Killed Sonja
  9219 | Lair:1   | Reached skill level 8 in Air Magic
  9655 | D:9      | Reached skill level 7 in Spellcasting
 10088 | D:10     | Entered Level 10 of the Dungeon
 10123 | D:10     | Acquired Makhleb's fifth power
 10243 | D:10     | Reached skill level 1 in Armour
 10246 | D:10     | Reached skill level 2 in Armour
 10340 | D:10     | Noticed a hill giant
 10354 | D:10     | Killed a hill giant
 10354 | D:10     | Reached skill level 3 in Fighting
 10658 | D:10     | Reached skill level 4 in Fighting
 10736 | D:10     | Noticed an unseen horror
 10745 | D:10     | Killed an unseen horror
 10835 | D:10     | Reached skill level 5 in Fighting
 10997 | D:11     | Found a staircase to the Orcish Mines.
 11039 | D:11     | Reached XP level 12. HP: 73/78 MP: 6/22
 11092 | D:11     | Reached skill level 6 in Fighting
 11395 | D:11     | Noticed a hill giant
 11422 | D:11     | Killed a hill giant
 11607 | D:11     | Reached skill level 7 in Fighting
 11899 | Orc:1    | Entered Level 1 of the Orcish Mines
 12655 | Orc:3    | Noticed Donald
 12662 | Orc:3    | Killed Donald
 12662 | Orc:3    | Reached skill level 9 in Air Magic
 12916 | Orc:1    | Noticed Maurice
 12934 | Orc:1    | Killed Maurice
 12934 | Orc:1    | Reached skill level 2 in Translocations
 13067 | Orc:3    | Reached skill level 8 in Fighting
 13184 | Orc:2    | Found Mocoquna's Book Boutique.
 13554 | Lair:2   | Got a bone mace
 13555 | Lair:2   | Identified the +1 mace of Awkwardness {speed, Str+4 Stlth+} (You found it on level 2 of the Lair of Beasts)
 14174 | Lair:3   | Found a glowing golden altar of the Shining One.
 14209 | Lair:3   | Found a staircase to the Shoals.
 14673 | Lair:3   | Reached skill level 7 in Summonings
 14772 | Lair:3   | Reached skill level 3 in Charms
 14779 | Lair:3   | Reached XP level 13. HP: 59/89 MP: 20/24
 14988 | D:8      | Learned a level 4 spell: Passage of Golubria
 15185 | Lair:4   | Reached skill level 3 in Translocations
 15215 | Lair:4   | Reached skill level 8 in Spellcasting
 15215 | Lair:4   | Reached skill level 10 in Air Magic
 15255 | Lair:4   | Found a staircase to the Snake Pit.
 15422 | Lair:4   | Reached skill level 4 in Translocations
 15764 | D:8      | Learned a level 5 spell: Phase Shift
 15770 | D:8      | Learned a level 5 spell: Warp Weapon
 15937 | Lair:5   | Reached skill level 5 in Translocations
 15963 | Lair:5   | Reached skill level 4 in Charms
 16364 | Lair:5   | Reached skill level 5 in Charms
 16364 | Lair:5   | Reached skill level 6 in Translocations
 17056 | Lair:6   | Reached skill level 3 in Armour
 17572 | Lair:6   | Found a viscous altar of Jiyva.
 17573 | Lair:6   | Found a staircase to the Slime Pits.
 17972 | Orc:4    | Entered Level 4 of the Orcish Mines
 18181 | Orc:4    | Noticed an ettin
 18201 | Orc:4    | Killed an ettin
 18249 | Orc:4    | Reached XP level 14. HP: 95/95 MP: 22/26
 18415 | Orc:3    | Found a staircase to the Elven Halls.
 18824 | Orc:3    | Reached skill level 9 in Spellcasting
 19242 | Orc:4    | Reached skill level 11 in Air Magic
 19294 | Orc:4    | Found Iduiluwk's Antique Armour Boutique.
 19294 | Orc:4    | Found Coanlel's Antique Weapon Shoppe.
 19531 | Orc:4    | Found a roughly hewn altar of Beogh.
 19673 | Orc:4    | Found Remaove's Antique Armour Shoppe.
 19673 | Orc:4    | Found Upraapsu's Distillery.
 19692 | Orc:4    | Bought a potion of cancellation for 104 gold pieces
 19886 | Orc:4    | Bought a brightly glowing cloak for 275 gold pieces
 19896 | Orc:4    | Identified the cursed +0 cloak "Jankagoe" {*Drain rC+ Slay+5 SInv} (You bought it in a shop on level 4 of the Orcish Mines)
 19928 | Orc:4    | Bought a heavily runed leather armour for 224 gold pieces
 19938 | Orc:4    | Identified the +1 leather armour of Morality {+Inv rN+ Regen+ Slay-2} (You bought it in a shop on level 4 of the Orcish Mines)
 21152 | Lair:5   | Reached skill level 7 in Translocations
 21408 | Lair:8   | Entered Level 8 of the Lair of Beasts
 21533 | Lair:8   | Reached skill level 6 in Charms
 21734 | Lair:8   | Reached skill level 10 in Spellcasting
 22328 | Lair:8   | Reached skill level 11 in Spellcasting
 22751 | Lair:8   | Reached XP level 15. HP: 88/100 MP: 30/30
 23361 | Shoals:1 | Entered Level 1 of the Shoals
 23808 | Shoals:1 | Found Wynney's Antique Armour Emporium.
 23810 | Shoals:1 | Found Kedudeto's Antique Armour Shoppe.
 23835 | Shoals:1 | Bought a pair of ancient boots for 218 gold pieces
 23840 | Shoals:1 | Identified the +0 pair of boots of Modesty {*Confuse rElec Str+10} (You bought it in a shop on level 1 of the Shoals)
 23869 | Shoals:1 | Bought a pair of embroidered boots for 144 gold pieces
 23913 | Shoals:1 | Reached skill level 12 in Spellcasting
 23980 | Shoals:1 | Found Afiat's Armour Shoppe.
 24001 | Shoals:1 | Bought a +2 pair of gloves for 214 gold pieces
 24096 | Shoals:1 | Reached skill level 8 in Dodging
 24274 | Shoals:1 | Bought a spiked cloak for 218 gold pieces
 24276 | Shoals:1 | Identified the cursed +0 cloak "Wiyl" {Str+5} (You bought it in a shop on level 1 of the Shoals)
 24348 | Lair:2   | Upgraded the game from 0.17-a0-1882-g750edc8 to 0.17-a0-1887-g3e50df6
 24571 | D:12     | Reached skill level 9 in Fighting
 25417 | D:13     | Reached skill level 10 in Fighting
 25465 | D:13     | Found a labyrinth entrance.
 25495 | Lab      | Entered a labyrinth
 25726 | Lab      | Reached skill level 1 in Staves
 26268 | Lab      | Reached skill level 2 in Staves
 26389 | Lab      | Got a brightly glowing shortbow {velocity}
 26398 | Lab      | Identified the Compendium of Earth (You found it in a labyrinth)
 26406 | Lab      | Got a pair of heavily runed boots
 26410 | Lab      | Identified the cursed +0 shortbow "Newtslayer" {velocity, rF+ rN+ Dex+4} (You took it off a minotaur in a labyrinth)
 26421 | Lab      | Identified the +1 pair of boots "Heuwoghu" {rC+ Str+2 Dex-3 Slay+2} (You found it in a labyrinth)
 26429 | Lab      | Learned a level 5 spell: Silence
 26693 | D:8      | Learned a level 5 spell: Shadow Creatures
 26881 | D:13     | Reached skill level 3 in Staves
 27573 | D:14     | Reached skill level 4 in Staves
 27874 | D:14     | Reached skill level 5 in Staves
 28238 | D:14     | Reached XP level 16. HP: 107/109 MP: 13/32
 28367 | D:14     | Reached skill level 6 in Staves
 28387 | D:14     | Found a gate to the Vaults.
 28548 | D:14     | Found a shadowy altar of Dithmenos.
 28673 | D:15     | Entered Level 15 of the Dungeon
 28691 | D:15     | Found Esmigyr's Antique Armour Emporium.
 28778 | D:15     | Bought a heavy robe for 148 gold pieces
 28778 | D:15     | Bought a runed robe for 18 gold pieces
 28799 | D:15     | Identified the +1 robe of Intuition {MR- Regen+ Int+4 Dex-3} (You bought it in a shop on level 15 of the Dungeon)
 29236 | D:15     | Noticed Azrael
 29247 | D:15     | Killed Azrael
 29404 | D:15     | Reached skill level 11 in Fighting
 29571 | D:15     | Noticed Roxanne
 29605 | D:15     | Killed Roxanne
 29605 | D:15     | Reached skill level 7 in Staves
 29611 | D:15     | Identified Roxanne's Grimoire of Shifting Stones (You took it off Roxanne on level 15 of the Dungeon)
 30174 | D:15     | Reached skill level 12 in Fighting
 30272 | D:15     | Found a staircase to the Depths.
 31058 | Shoals:2 | Reached skill level 13 in Fighting
 31282 | Shoals:2 | Reached skill level 8 in Staves
 31531 | Shoals:2 | Noticed a titan
 31649 | Shoals:2 | Killed a titan
 31696 | Shoals:2 | Identified Gojint's Incunabulum of the Excruciating Blaze
 31764 | Shoals:2 | HP: 2/118 [merfolk javelineer/javelin (23)]
 31861 | Shoals:2 | Reached skill level 14 in Fighting
 31944 | Shoals:3 | Noticed an octopode crusher
 31965 | Shoals:3 | Killed an octopode crusher
 31965 | Shoals:3 | Reached XP level 17. HP: 25/125 MP: 23/33
 32589 | Shoals:3 | Reached skill level 3 in Evocations
 32707 | Shoals:3 | Upgraded the game from 0.17-a0-1887-g3e50df6 to 0.17-a0-1900-g45e8110
 32716 | Shoals:4 | Entered Level 4 of the Shoals
 32900 | Shoals:4 | Reached skill level 9 in Staves
 32968 | Shoals:4 | Reached skill level 4 in Evocations
 33548 | D:8      | Learned a level 4 spell: Animate Dead
 33757 | Shoals:4 | Found Galy's Distillery.
 33824 | Shoals:4 | Got an emerald-encrusted chain mail
 33825 | Shoals:4 | Identified the +2 chain mail "Osmin" {rElec Dex+4} (You found it on level 4 of the Shoals)
 33923 | Shoals:4 | Noticed Ilsuiw
 33932 | Shoals:4 | Reached skill level 10 in Staves
 33974 | Shoals:3 | HP: 8/125 [water elemental[Ilsuiw] (12)]
 34137 | Shoals:3 | Upgraded the game from 0.17-a0-1900-g45e8110 to 0.17-a0-1910-g4c791fa
 34158 | Shoals:3 | Killed Ilsuiw
 35047 | Shoals:4 | Reached skill level 11 in Staves
 35925 | Shoals:4 | Got a barnacled rune of Zot
 35998 | Shoals:4 | Bought a potion of curing for 57 gold pieces
 35998 | Shoals:4 | Bought a potion of curing for 57 gold pieces
 35998 | Shoals:4 | Bought 2 potions of resistance for 380 gold pieces
 35998 | Shoals:4 | Bought a potion of brilliance for 76 gold pieces
 35998 | Shoals:4 | Bought a potion of might for 76 gold pieces
 36419 | D:15     | Learned a level 3 spell: Passwall
 36540 | D:14     | Reached XP level 18. HP: 131/131 MP: 32/34
 36561 | Vaults:1 | Entered Level 1 of the Vaults
 36804 | Vaults:1 | Identified a scroll of acquirement
 36831 | Vaults:1 | Reached skill level 12 in Staves
 36973 | Vaults:1 | Reached skill level 6 in Necromancy
 37330 | Vaults:1 | Reached skill level 7 in Necromancy
 37537 | Vaults:1 | HP: 10/131 [deep elf knight/stone arrow (24)]
 37747 | Vaults:1 | Reached skill level 8 in Necromancy
 38518 | Vaults:1 | Reached skill level 9 in Necromancy
 39219 | Vaults:2 | Got a crude long sword
 39220 | Vaults:2 | Identified the cursed +1 long sword of Vutogree {slice, -Tele rC++ Dex+6} (You found it on level 2 of the Vaults)
 39778 | Vaults:2 | Reached skill level 7 in Charms
 39845 | Vaults:2 | Reached skill level 8 in Translocations
 40289 | Vaults:2 | Reached XP level 19. HP: 126/136 MP: 30/35
 40334 | Vaults:2 | Got a scorched long sword
 40335 | Vaults:2 | Identified the cursed +3 long sword "Toiw Mao" {drain, rElec Stlth+} (You found it on level 2 of the Vaults)
 41624 | Elf:1    | Entered Level 1 of the Elven Halls
 41875 | Elf:1    | Found Amae's Assorted Antiques.
 41881 | Elf:1    | Bought a dented brass amulet for 145 gold pieces
 41995 | Elf:1    | Reached skill level 8 in Charms
 42099 | Elf:1    | Reached skill level 3 in Stealth
 42158 | Elf:1    | Reached skill level 9 in Translocations
 42303 | Elf:1    | Reached skill level 4 in Stealth
 42445 | Elf:1    | Identified the Guide on Attacks
 42469 | Elf:1    | Reached skill level 1 in Transmutations
 42509 | Elf:1    | Reached skill level 12 in Air Magic
 42728 | Elf:1    | Found a corrupted altar of Lugonu.
 42735 | Elf:1    | Found a one-way gate to the infinite horrors of the Abyss.
 43457 | Elf:2    | Found a runed gate.
 43460 | Elf:2    | Found a runed gate.
 43460 | Elf:2    | Found a runed gate.
 43557 | Elf:2    | Found a radiant altar of Vehumet.
 43676 | Elf:2    | Reached skill level 5 in Evocations
 43880 | Elf:2    | Reached skill level 2 in Transmutations
 43997 | Elf:2    | Reached skill level 13 in Spellcasting
 44383 | Elf:2    | Noticed Saint Roka
 44478 | Elf:2    | HP: 13/136 [Saint Roka/divine providence (17)]
 44484 | Elf:2    | Killed Saint Roka
 45671 | Orc:2    | Bought a book of Summonings for 1190 gold pieces
 45677 | Orc:2    | Learned a level 5 spell: Aura of Abjuration
 46252 | Vaults:3 | Got a glittering wooden ring
 46254 | Vaults:3 | Identified the ring "Xiefir" {rPois rF+ MR+} (You found it on level 3 of the Vaults)
 46377 | Vaults:3 | Reached XP level 20. HP: 143/143 MP: 22/37
 46611 | Vaults:3 | Reached skill level 14 in Spellcasting
 47096 | Vaults:3 | Found a staircase to the Crypt.
 47096 | Vaults:3 | Found an ancient bone altar of Kikubaaqudgha.
 47107 | Vaults:3 | Found a basalt altar of Yredelemnul.
 47501 | Vaults:3 | Paralysed by a hornet for 2 turns
 48678 | D:15     | Learned a level 2 spell: Swiftness
 49370 | Vaults:4 | Reached skill level 6 in Evocations
 49829 | Vaults:4 | Reached skill level 10 in Necromancy
 50563 | Vaults:4 | Found Icuduir's Distillery.
 50571 | Vaults:4 | Bought a potion of heal wounds for 75 gold pieces
 50810 | Vaults:4 | Reached skill level 11 in Necromancy
 51342 | D:15     | Reached XP level 21. HP: 148/148 MP: 39/39
 51559 | Elf:3    | Entered Level 3 of the Elven Halls
 51810 | Elf:3    | Noticed Louise
 51831 | Elf:3    | Killed Louise
 52082 | Elf:3    | Found Tusugh's Gadget Boutique.
 52263 | Elf:3    | Upgraded the game from 0.17-a0-1910-g4c791fa to 0.17-a0-1914-gde4187c
 52375 | Elf:3    | Reached skill level 9 in Dodging
 52672 | Elf:3    | Reached skill level 10 in Dodging
 52973 | Elf:3    | Reached skill level 11 in Dodging
 53203 | Elf:3    | Got a crystal spear {antimagic}
 53211 | Elf:3    | Identified the +10 spear "Hulk" {antimagic, rN+ MP+9 Int+3 Stlth-} (You took it off a deep elf annihilator on level 3 of the Elven Halls)
 53212 | Elf:3    | Identified a +2 rod of inaccuracy (9/9) {!a} (You took it off a deep elf sorcerer on level 3 of the Elven Halls)
 53633 | Elf:3    | Identified Sif Muna's Almanac of the Voyage
 53667 | Elf:3    | Learned a level 6 spell: Deflect Missiles
 53957 | D:15     | Learned a level 4 spell: Airstrike
 53959 | D:15     | Learned a level 1 spell: Apportation
 54151 | D:7      | Bought 2 potions of agility for 96 gold pieces
 54151 | D:7      | Bought a potion of agility for 48 gold pieces
 54451 | Elf:3    | Got a shimmering short sword
 54452 | Elf:3    | Identified the +3 short sword of Fortitude {pierce, rC+ Int+6} (You found it on level 3 of the Elven Halls)
 54456 | Elf:3    | Got a translucent glass ring
 54463 | Elf:3    | Got a brightly glowing hand axe {chop}
 54511 | Elf:3    | Identified the ring "Gofull" {rF+ MR+ Slay+5 Stlth+} (You took it off a deep elf mage on level 3 of the Elven Halls)
 54527 | Elf:3    | Identified the +7 hand axe of Glory {chop, *Corrode rF+ MR++ Str-5} (You took it off a deep elf mage on level 3 of the Elven Halls)
 54623 | Elf:3    | Got an encrusted helmet
 54634 | Elf:3    | Identified the +2 helmet "Xexkas" {Regen+} (You found it on level 3 of the Elven Halls)
 55254 | Snake:1  | Entered Level 1 of the Snake Pit
 56120 | Snake:2  | Reached skill level 13 in Air Magic
 56140 | Snake:2  | Noticed Kirke
 56151 | Snake:2  | Killed Kirke
 56368 | Snake:2  | Noticed Vashnia
 56494 | Snake:2  | Killed Vashnia
 56719 | Snake:2  | Got a faintly glowing hand crossbow
 56720 | Snake:2  | Identified the +10 hand crossbow "Umoll" {velocity, rElec MR+ Int+4} (You found it on level 2 of the Snake Pit)
 56875 | Snake:2  | You fall through a shaft!
 56890 | Snake:3  | Reached skill level 14 in Air Magic
 57387 | Snake:2  | Noticed Aizul
 57409 | Snake:2  | Noticed Wiglaf
 57411 | Snake:2  | Reached XP level 22. HP: 101/154 MP: 16/40
 57424 | Snake:2  | Killed Wiglaf
 57508 | Snake:2  | Killed Aizul
 58758 | Vaults:2 | Reached skill level 15 in Air Magic
 60240 | Snake:3  | Noticed Nikola
 60246 | Snake:3  | Killed Nikola
 60749 | Snake:4  | Entered Level 4 of the Snake Pit
 60785 | Snake:4  | Reached skill level 16 in Air Magic
 60787 | Snake:4  | Reached skill level 15 in Spellcasting
 61696 | Snake:4  | Got a sparkling copper amulet
 61697 | Snake:4  | Identified the amulet of Biomem {Spirit rF+} (You found it on level 4 of the Snake Pit)
 61747 | Snake:4  | Got a serpentine rune of Zot
 62087 | Orc:2    | Bought a book of Spatial Translocations for 1105 gold pieces
 62090 | Orc:2    | Learned a level 2 spell: Blink
 62145 | Orc:4    | Bought a potion of heal wounds for 65 gold pieces
 62384 | Depths:1 | Entered Level 1 of the Depths
 62827 | Depths:1 | Found a gateway to Hell.
 62907 | Depths:1 | Found a runed warning-scrawled door.
 63063 | Depths:1 | Reached skill level 17 in Air Magic
 63154 | Depths:1 | Found a runed door.
 63161 | Depths:1 | Found a runed door.
 63654 | Depths:2 | Reached XP level 23. HP: 160/160 MP: 31/42
 64707 | Depths:3 | Noticed a juggernaut
 64752 | Depths:3 | Killed a juggernaut
 64752 | Depths:3 | Reached skill level 16 in Spellcasting
 64851 | Depths:3 | Reached skill level 18 in Air Magic
 64911 | Depths:3 | HP: 5/160 [ettin/dire flail (25)]
 65219 | Depths:3 | Found a one-way gate leading to the halls of Pandemonium.
 65351 | Depths:3 | Noticed a caustic shrike
 65411 | Depths:3 | Killed a caustic shrike
 66702 | Depths:4 | Reached XP level 24. HP: 166/166 MP: 35/43
 66945 | Depths:4 | Found a gateway to a ziggurat.
 66998 | Depths:4 | Noticed a caustic shrike
 67005 | Depths:4 | Killed a caustic shrike
 67050 | Depths:4 | Reached skill level 19 in Air Magic
 67691 | Depths:4 | Reached skill level 17 in Spellcasting
 67895 | Depths:5 | Entered Level 5 of the Depths
 68301 | D:7      | Bought a scroll of enchant weapon for 105 gold pieces
 68301 | D:7      | Bought a scroll of enchant weapon for 105 gold pieces
 68301 | D:7      | Bought a scroll of brand weapon for 280 gold pieces
 68315 | D:7      | Bought a potion of brilliance for 48 gold pieces
 68315 | D:7      | Bought a potion of flight for 36 gold pieces
 68315 | D:7      | Bought a potion of haste for 120 gold pieces
 68315 | D:7      | Bought a potion of brilliance for 48 gold pieces
 68315 | D:7      | Bought a potion of flight for 36 gold pieces
 68315 | D:7      | Bought a potion of lignification for 36 gold pieces
 68315 | D:7      | Bought a potion of invisibility for 96 gold pieces
 68897 | Depths:5 | Noticed Xtahua
 68905 | Depths:5 | Killed Xtahua
 68918 | Depths:5 | Noticed Jory
 68926 | Depths:5 | Killed Jory
 69920 | Depths:5 | Identified the Volume of the Last Planets (You found it on level 5 of the Depths)
 69933 | Depths:5 | Got a topaz-encrusted crystal plate armour
 69934 | Depths:5 | Identified the +4 crystal plate armour "Doewaz" {rC+ Str+3} (You found it on level 5 of the Depths)
 70038 | Depths:5 | Found a gate to the Realm of Zot.
 70269 | D:15     | Learned a level 9 spell: Tornado
 70459 | Crypt:1  | Entered Level 1 of the Crypt
 71067 | Crypt:1  | Upgraded the game from 0.17-a0-1914-gde4187c to 0.17-a0-1920-gafa4d75
 71486 | Crypt:2  | HP: 15/166 [??? (13)]
 71494 | Crypt:2  | Reached XP level 25. HP: 40/171 MP: 35/44
 71642 | Crypt:2  | Reached skill level 20 in Air Magic
 71658 | Crypt:2  | Reached skill level 18 in Spellcasting
 72303 | Crypt:2  | Found a huge runed gate.
 72303 | Crypt:2  | Found a huge runed gate.
 72303 | Crypt:2  | Found a huge runed gate.
 72307 | Crypt:2  | Found a huge runed gate.
 72308 | Crypt:2  | Found a huge runed gate.
 72308 | Crypt:2  | Found a huge runed gate.
 72308 | Crypt:2  | Found a huge runed gate.
 72308 | Crypt:2  | Found a huge runed gate.
 72308 | Crypt:2  | Found a huge runed gate.
 72316 | Crypt:2  | Found a huge runed gate.
 72316 | Crypt:2  | Found a huge runed gate.
 72316 | Crypt:2  | Found a huge runed gate.
 72316 | Crypt:2  | Found a huge runed gate.
 72316 | Crypt:2  | Found a huge runed gate.
 72316 | Crypt:2  | Found a huge runed gate.
 72316 | Crypt:2  | Found a huge runed gate.
 72358 | Crypt:2  | Found a huge runed gate.
 72358 | Crypt:2  | Found a huge runed gate.
 72358 | Crypt:2  | Found a huge runed gate.
 72660 | Crypt:2  | Found an ancient bone altar of Kikubaaqudgha.
 72681 | Crypt:2  | Got an ancient dagger {freeze}
 72682 | Crypt:2  | Identified the cursed +3 dagger of Annoyance {freeze, Int+4} (You took it off a vampire on level 2 of the Crypt)
 72708 | Crypt:2  | Got a pair of crude boots
 72709 | Crypt:2  | Identified the +0 pair of boots of Trumpets {Stlth+} (You found it on level 2 of the Crypt)
 72888 | Crypt:2  | Found a huge runed gate.
 72888 | Crypt:2  | Found a huge runed gate.
 72893 | Crypt:2  | Found a huge runed gate.
 72893 | Crypt:2  | Found a huge runed gate.
 72893 | Crypt:2  | Found a huge runed gate.
 72893 | Crypt:2  | Found a huge runed gate.
 72893 | Crypt:2  | Found a huge runed gate.
 73210 | D:15     | Learned a level 2 spell: Corpse Rot
 73462 | Vaults:5 | Entered Level 5 of the Vaults
 73487 | Vaults:4 | Reached skill level 12 in Dodging
 73587 | Vaults:4 | Reached skill level 4 in Armour
 73916 | Vaults:5 | Noticed an ancient lich
 73918 | Vaults:5 | Reached skill level 5 in Armour
 73922 | Vaults:5 | Killed an ancient lich
 73922 | Vaults:5 | Reached skill level 8 in Summonings
 74093 | Vaults:5 | Reached skill level 6 in Armour
 74249 | Vaults:5 | Got a faintly glowing hand crossbow
 74250 | Vaults:5 | Identified the cursed +1 hand crossbow of Utuecvu {venom, rC+} (You found it on level 5 of the Vaults)
 74271 | Vaults:5 | Reached skill level 13 in Dodging
 74406 | Vaults:5 | Got a brightly glowing long sword
 74407 | Vaults:5 | Identified the +1 long sword "Visauw Zup" {venom, rPois rF- rC++} (You found it on level 5 of the Vaults)
 74544 | Vaults:5 | Got a pair of crude boots
 74545 | Vaults:5 | Identified the +2 pair of boots of Joy {Str+3} (You found it on level 5 of the Vaults)
 74643 | Vaults:5 | Reached skill level 7 in Armour
 74744 | Vaults:5 | Noticed an ancient lich
 74847 | Vaults:5 | Noticed an ancient lich
 74909 | Vaults:5 | HP: 3/171 [titan (38)]
 75008 | Vaults:5 | Paralysed by a hornet for 4 turns
 75010 | Vaults:5 | HP: 5/171 [ettin/dire flail (24)]
 75011 | Vaults:5 | Killed from afar by a titan

Vault maps used:
D:1:      lightli_arrival_statue_moat
D:2:      grunt_decor_mini_mirrors, grunt_gozag_breadcrumbs, uniq_iyjb,
          uniq_crazy_yiuf_cottage
D:3:      first_bread
D:4:      overflow_temple_1_default, lemuel_doored_altar, old_standard_altar,
          kennysheep_mini_moat, uniq_robin
D:5:      cheibrodos_gnoll_hut
D:6:      lemuel_round_altar, nicolae_overflow_crystal_walls,
          lemuel_temple_firewalk_marked, minmay_misc_feat_tiny,
          nemelex_dance_club_becter
D:7:      tgw_sif, serial_shops, shop, shop, shop, nicolae_shop_crystal,
          uniq_prince_ribbit1
D:8:      kennysheep_housing_project, minmay_lair_entry_grove, grunt_ogre_cave,
          uniq_erica
D:11:     orc_0_dummy
D:12:     serial_column_ruins, column_ruins_hut, column_ruins_hut_ruined,
          column_ruins_grid_1, column_ruins_columns_straight,
          column_ruins_open_tiny, column_ruins_columns_corner,
          column_ruins_open_tiny
D:13:     lab_entry_generic
D:14:     erik_vaults_2, hangedman_decor_opposing,
          grunt_dithmenos_smoke_and_mirrors
D:15:     gammafunk_enter_depths_forms, serial_shops, shop, minivault_14,
          uniq_roxanne, uniq_azrael
Temple:   triangle_lava_temple_12
Lair:1:   minivault_24, serial_bayou_pond_e, lemuel_fruit_fields,
          infiniplex_staircase_pool_2, lemuel_fruit_tree, uniq_sonja
Lair:2:   nicolae_quartered_pool_medium
Lair:3:   minmay_shoals_entry_centaurs, basic_altar
Lair:4:   minmay_snake_entry_spellcaster, st_stairs_4, fungi_pond_lemuel,
          minivault_27, serial_bayou_lagoon_a, grunt_forest_large_clearing_hut
Lair:5:   bh_autumn_forest_stairs
Lair:6:   dpeg_slime_entry_enclosed_altar
Lair:7:   guppyfry_lair_drakes, grunt_megastairs_1, lemuel_fruit_fields
Lair:8:   minmay_lair_end_enchanted_forest, minivault_19, zaba_antful_of_joy,
          lemuel_fruit_fields
Shoals:1: nicolae_shoals_island_circles, serial_shops,
          nicolae_shop_window_shopping, shop,
          nicolae_shop_competitors_out_of_business
Shoals:2: st_sunken_temple
Shoals:3: hangedman_shoal_octodias
Shoals:4: serial_shops, nicolae_shop_window_shopping, shoals_end_hangedman,
          shoal_ilsuiw, nicolae_shoals_undead_eyrie
Snake:1:  grunt_megastairs_4
Snake:2:  grunt_megastairs_2, uniq_wiglaf, uniq_vashnia, uniq_aizul, uniq_kirke
Snake:3:  grunt_ministairs_13, uniq_nikola
Snake:4:  minmay_snake_end_coiled
Orc:1:    nicolae_orc_stony_grotto, uniq_maurice
Orc:2:    serial_shops, shop
Orc:3:    nicolae_orc_pool_cavern, uniq_donald
Orc:4:    st_orc_town, nicolae_orc_lava_room
Elf:1:    due_chaos_kobolds, serial_shops, shop, minmay_elf_annihilation
Elf:2:    basic_altar, grunt_ministairs_2, uniq_saint_roka
Elf:3:    elf_hall, serial_shops, shop, dk_noncrumbling_4, uniq_louise
Vaults:1: st_smaller_cells, grunt_vaults_funnel, v_misc_2,
          nicolae_vaults_twisting_passages, vaults_mumra_hex, vaults_room_boxed,
          grunt_vaults_focal, vaults_dpeg_encased_lava
Vaults:2: v_misc_5, v_misc_30, hangedman_vaults_impose, vaults_room_fancy_cross,
          v_misc_12, nicolae_vaults_rhombus_6, vaults_dpeg_diagonal,
          v_pattern_5, nicolae_vaults_alarming
Vaults:3: v_alt_pattern_5, v_alt_pattern_6, ontoclasm_vaults_ligature,
          nicolae_vaults_what_the_h, nicolae_vaults_sealed_display,
          minmay_crypt_entry_necro_gods, v_misc_27, vaults_room_stairs_pillars,
          hangedman_vaults_river_flow, vaults_room_octagon, vaults_room_hallway,
          vaults_dpeg_ring, v_alt_pattern_1
Vaults:4: nicolae_vaults_triangles, v_misc_24, v_alt_pattern_4,
          vaults_room_large_hall, v_misc_1, v_misc_27, grunt_vaults_twisty,
          vaults_room_grid, nicolae_vaults_big_ls,
          hangedman_vaults_stretched_pinwheel, ontoclasm_vaults_eye,
          nicolae_vaults_little_squares_6, serial_shops, shop_statue
Crypt:1:  hex_medium, grunt_crypt_arrival_guarded_gate
Crypt:2:  lemuel_vampire_tower, door_vault
Depths:1: abyss_entry, minmay_misc_feat_more_columns, hell_entry, st_stairs_14,
          minmay_misc_feat_four_crosses, mikee_hates_you
Depths:2: kennysheep_ogre_elephant_herders, hell_entry,
          serial_sigils_hangedman_carve
Depths:3: minmay_big_diamond_grid, roderic_curled_sauvastika,
          abyss_entry_crystal, hellmouth_1, pan_entry, grunt_ministairs_2
Depths:4: kennysheep_bubble_arena, enter_ziggurat_a, grunt_hell_entry_dis_old,
          minmay_splitting_lines, pan_entry, abyss_entry
Depths:5: grunt_twist_and_shout, minmay_misc_feat_alley, lightli_too_deep,
          uniq_jory, uniq_xtahua
Lab:      nicolae_lab_dead_adventurers, nicolae_lab_big_swirl,
          nicolae_lab_very_dead_end, nicolae_lab_hexagon,
          nicolae_lab_flowing_pool, nicolae_lab_swirl

Action                   |  1- 3 |  4- 6 |  7- 9 | 10-12 | 13-15 | 16-18 | 19-21 | 22-24 | 25-27 || total
-------------------------+-------+-------+-------+-------+-------+-------+-------+-------+-------++-------
Melee: Dagger            |    57 |    14 |    38 |    14 |    12 |       |       |       |       ||   135
       Unarmed           |     4 |       |       |       |       |       |       |       |       ||     4
       Whip              |    25 |    32 |       |    42 |       |       |       |       |       ||    99
       Quarterstaff      |       |   104 |   180 |   311 |   426 |   555 |   365 |    77 |       ||  2018
       Mace              |       |       |       |    70 |       |       |       |       |       ||    70
       Flail             |       |       |       |     4 |   102 |       |       |       |       ||   106
       Staff             |       |       |       |       |       |     8 |   437 |     6 |       ||   451
       Lajatang          |       |       |       |       |       |       |       |    84 |   250 ||   334
 Fire: Blowgun           |       |    11 |    21 |     2 |       |       |     1 |       |       ||    35
       Shortbow          |       |       |    17 |   445 |  1119 |  1000 |  1234 |    33 |       ||  3848
       Hand crossbow     |       |       |       |       |       |       |       |  1305 |   323 ||  1628
Throw: Stone             |     5 |     1 |     6 |       |       |       |       |       |       ||    12
 Cast: Summon Small Mamm |     5 |       |       |       |       |       |       |       |       ||     5
       Call Imp          |    10 |     7 |       |       |       |       |       |       |       ||    17
       Summon Lightning  |       |     1 |    14 |    77 |   176 |   205 |   202 |   210 |    53 ||   938
       Regeneration      |       |       |     1 |    23 |    27 |    64 |    68 |    23 |    12 ||   218
       Shroud of Golubri |       |       |     1 |     9 |     7 |     3 |     2 |    14 |       ||    36
       Call Canine Famil |       |       |       |     2 |       |     5 |       |       |       ||     7
       Passage of Golubr |       |       |       |       |     2 |     4 |       |    13 |     5 ||    24
       Phase Shift       |       |       |       |       |    38 |   159 |   233 |   264 |    64 ||   758
       Shadow Creatures  |       |       |       |       |       |    26 |    59 |    33 |       ||   118
       Silence           |       |       |       |       |       |     5 |    15 |     2 |     4 ||    26
       Animate Dead      |       |       |       |       |       |     1 |       |       |       ||     1
       Passwall          |       |       |       |       |       |       |     2 |     1 |       ||     3
       Aura of Abjuratio |       |       |       |       |       |       |     9 |     9 |       ||    18
       Airstrike         |       |       |       |       |       |       |    22 |    14 |       ||    36
       Apportation       |       |       |       |       |       |       |    12 |    75 |    17 ||   104
       Deflect Missiles  |       |       |       |       |       |       |     4 |     3 |     2 ||     9
       Blink             |       |       |       |       |       |       |       |     7 |    12 ||    19
 Abil: Evoke Flight      |       |       |       |       |       |     3 |       |       |       ||     3
       Stop Flying       |       |       |       |       |       |     2 |       |       |       ||     2
       Evoke Teleportati |       |       |       |       |       |       |       |       |     2 ||     2
Evoke: Wand              |       |       |       |    15 |     6 |     1 |     4 |     1 |       ||    27
       Staff of energy   |       |       |       |       |       |   333 |   422 |   341 |    58 ||  1154
  Use: Scroll            |     9 |     3 |    11 |    12 |    10 |    11 |    13 |    18 |    17 ||   104
       Potion            |       |     6 |       |       |     2 |     7 |     9 |     5 |     7 ||    36
 Stab: Sleeping          |     5 |     4 |     9 |     3 |     2 |     2 |     3 |       |       ||    28
       Paralysed         |       |     2 |       |       |       |       |       |       |       ||     2
       Confused          |       |     1 |     1 |       |       |       |       |       |       ||     2
       Petrified         |       |       |     2 |       |       |       |       |       |       ||     2
       Distracted        |       |       |     2 |     8 |    15 |    14 |    10 |     1 |     1 ||    51
  Eat: Chunk             |     2 |     7 |    12 |    33 |    51 |    61 |    81 |    34 |       ||   281
       Fruit             |       |     1 |     2 |     6 |     3 |    22 |     4 |     3 |       ||    41
       Pizza             |       |       |       |     1 |     2 |     4 |       |     2 |       ||     9
       Royal jelly       |       |       |       |       |     1 |       |     1 |       |       ||     2
       Meat ration       |       |       |       |       |     2 |     2 |     2 |     2 |     1 ||     9
       Beef jerky        |       |       |       |       |     1 |       |     2 |     2 |     7 ||    12
       Bread ration      |       |       |       |       |       |     2 |     5 |     4 |     1 ||    12

Table legend:
 A = Turns spent in this place as a percentage of turns spent in the entire game.
 B = Non-inter-level travel turns spent in this place as a percentage of non-inter-level travel turns spent in the entire game.
 C = Inter-level travel turns spent in this place as a percentage of turns spent in this place.
 D = Turns resting spent in this place as a percentage of non-inter-level travel turns spent in this place.
 E = Turns spent auto-exploring this place as a percentage of non-inter-level travel turns spent in this place.
 F = Non-inter-level travel turns spent in this place divided by the number of levels of this place that you've seen.
                   A       B       C       D       E      F
               +-------+-------+-------+-------+-------+----------------------
         Total | 100.0 | 100.0 |   0.7 |   0.7 |   0.2 | 1005.0
       Dungeon |  23.6 |  23.5 |   1.0 |   0.6 |   0.3 | 818.5
        Temple |   0.1 |   0.1 |   2.7 |   0.0 |   0.0 |  36.0
          Lair |  11.7 |  11.7 |   0.5 |   0.1 |   0.3 | 767.1
        Shoals |  10.6 |  10.7 |   0.4 |   0.9 |   0.0 | 1393.8
     Snake Pit |   6.7 |   6.7 |   0.4 |   0.0 |   0.4 | 877.2
  Orcish Mines |   5.3 |   5.3 |   1.0 |   0.1 |   0.5 | 696.2
   Elven Halls |   8.3 |   8.3 |   0.5 |   3.2 |   0.2 | 1440.3
        Vaults |  17.4 |  17.4 |   0.7 |   0.5 |   0.2 | 1819.4
         Crypt |   3.5 |   3.5 |   0.6 |   0.9 |   0.3 | 918.5
        Depths |  11.1 |  11.1 |   0.4 |   0.1 |   0.2 | 1161.4
     Labyrinth |   1.7 |   1.7 |   0.0 |   0.2 |   0.0 | 876.0
               +-------+-------+-------+-------+-------+----------------------

Table legend:
 A = Kills in this place as a percentage of kills in entire the game.
 B = Kills by you in this place as a percentage of kills by you in the entire game.
 C = Kills by friends in this place as a percentage of kills by friends in the entire game.
 D = Other kills in this place as a percentage of other kills in the entire game.
 E = Experience gained in this place as a percentage of experience gained in the entire game.
 F = Experience gained in this place divided by the number of levels of this place that you have seen.
                   A       B       C       D       E      F
               +-------+-------+-------+-------+-------+----------------------
         Total | 100.0 | 100.0 | 100.0 | 100.0 | 100.0 | 17667.8
       Dungeon |  20.4 |  21.5 |  18.9 |   0.0 |   7.1 | 4328.1
          Lair |  11.4 |   9.7 |  13.9 |   0.0 |   5.4 | 6197.5
        Shoals |   7.3 |   5.9 |   9.3 |   0.0 |   9.0 | 20657.5
     Snake Pit |   7.3 |   7.7 |   6.7 |  12.5 |  10.1 | 23093.0
  Orcish Mines |   9.4 |   9.3 |   9.4 |  12.5 |   1.1 | 2566.8
   Elven Halls |   7.2 |   7.2 |   7.2 |   0.0 |  10.6 | 32424.7
        Vaults |  19.4 |  19.7 |  19.1 |  12.5 |  27.8 | 51076.0
         Crypt |   4.1 |   5.4 |   2.1 |   0.0 |   4.1 | 19006.0
        Depths |  12.9 |  12.8 |  12.8 |  62.5 |  24.5 | 45035.6
     Labyrinth |   0.6 |   0.7 |   0.5 |   0.0 |   0.3 | 3109.0
               +-------+-------+-------+-------+-------+----------------------

Vault maps used:
D:1:      lightli_arrival_statue_moat
D:2:      grunt_decor_mini_mirrors, grunt_gozag_breadcrumbs, uniq_iyjb,
          uniq_crazy_yiuf_cottage
D:3:      first_bread
D:4:      overflow_temple_1_default, lemuel_doored_altar, old_standard_altar,
          kennysheep_mini_moat, uniq_robin
D:5:      cheibrodos_gnoll_hut
D:6:      lemuel_round_altar, nicolae_overflow_crystal_walls,
          lemuel_temple_firewalk_marked, minmay_misc_feat_tiny,
          nemelex_dance_club_becter
D:7:      tgw_sif, serial_shops, shop, shop, shop, nicolae_shop_crystal,
          uniq_prince_ribbit1
D:8:      kennysheep_housing_project, minmay_lair_entry_grove, grunt_ogre_cave,
          uniq_erica
D:11:     orc_0_dummy
D:12:     serial_column_ruins, column_ruins_hut, column_ruins_hut_ruined,
          column_ruins_grid_1, column_ruins_columns_straight,
          column_ruins_open_tiny, column_ruins_columns_corner,
          column_ruins_open_tiny
D:13:     lab_entry_generic
D:14:     erik_vaults_2, hangedman_decor_opposing,
          grunt_dithmenos_smoke_and_mirrors
D:15:     gammafunk_enter_depths_forms, serial_shops, shop, minivault_14,
          uniq_roxanne, uniq_azrael
Temple:   triangle_lava_temple_12
Lair:1:   minivault_24, serial_bayou_pond_e, lemuel_fruit_fields,
          infiniplex_staircase_pool_2, lemuel_fruit_tree, uniq_sonja
Lair:2:   nicolae_quartered_pool_medium
Lair:3:   minmay_shoals_entry_centaurs, basic_altar
Lair:4:   minmay_snake_entry_spellcaster, st_stairs_4, fungi_pond_lemuel,
          minivault_27, serial_bayou_lagoon_a, grunt_forest_large_clearing_hut
Lair:5:   bh_autumn_forest_stairs
Lair:6:   dpeg_slime_entry_enclosed_altar
Lair:7:   guppyfry_lair_drakes, grunt_megastairs_1, lemuel_fruit_fields
Lair:8:   minmay_lair_end_enchanted_forest, minivault_19, zaba_antful_of_joy,
          lemuel_fruit_fields
Shoals:1: nicolae_shoals_island_circles, serial_shops,
          nicolae_shop_window_shopping, shop,
          nicolae_shop_competitors_out_of_business
Shoals:2: st_sunken_temple
Shoals:3: hangedman_shoal_octodias
Shoals:4: serial_shops, nicolae_shop_window_shopping, shoals_end_hangedman,
          shoal_ilsuiw, nicolae_shoals_undead_eyrie
Snake:1:  grunt_megastairs_4
Snake:2:  grunt_megastairs_2, uniq_wiglaf, uniq_vashnia, uniq_aizul, uniq_kirke
Snake:3:  grunt_ministairs_13, uniq_nikola
Snake:4:  minmay_snake_end_coiled
Orc:1:    nicolae_orc_stony_grotto, uniq_maurice
Orc:2:    serial_shops, shop
Orc:3:    nicolae_orc_pool_cavern, uniq_donald
Orc:4:    st_orc_town, nicolae_orc_lava_room
Elf:1:    due_chaos_kobolds, serial_shops, shop, minmay_elf_annihilation
Elf:2:    basic_altar, grunt_ministairs_2, uniq_saint_roka
Elf:3:    elf_hall, serial_shops, shop, dk_noncrumbling_4, uniq_louise
Vaults:1: st_smaller_cells, grunt_vaults_funnel, v_misc_2,
          nicolae_vaults_twisting_passages, vaults_mumra_hex, vaults_room_boxed,
          grunt_vaults_focal, vaults_dpeg_encased_lava
Vaults:2: v_misc_5, v_misc_30, hangedman_vaults_impose, vaults_room_fancy_cross,
          v_misc_12, nicolae_vaults_rhombus_6, vaults_dpeg_diagonal,
          v_pattern_5, nicolae_vaults_alarming
Vaults:3: v_alt_pattern_5, v_alt_pattern_6, ontoclasm_vaults_ligature,
          nicolae_vaults_what_the_h, nicolae_vaults_sealed_display,
          minmay_crypt_entry_necro_gods, v_misc_27, vaults_room_stairs_pillars,
          hangedman_vaults_river_flow, vaults_room_octagon, vaults_room_hallway,
          vaults_dpeg_ring, v_alt_pattern_1
Vaults:4: nicolae_vaults_triangles, v_misc_24, v_alt_pattern_4,
          vaults_room_large_hall, v_misc_1, v_misc_27, grunt_vaults_twisty,
          vaults_room_grid, nicolae_vaults_big_ls,
          hangedman_vaults_stretched_pinwheel, ontoclasm_vaults_eye,
          nicolae_vaults_little_squares_6, serial_shops, shop_statue
Crypt:1:  hex_medium, grunt_crypt_arrival_guarded_gate
Crypt:2:  lemuel_vampire_tower, door_vault
Depths:1: abyss_entry, minmay_misc_feat_more_columns, hell_entry, st_stairs_14,
          minmay_misc_feat_four_crosses, mikee_hates_you
Depths:2: kennysheep_ogre_elephant_herders, hell_entry,
          serial_sigils_hangedman_carve
Depths:3: minmay_big_diamond_grid, roderic_curled_sauvastika,
          abyss_entry_crystal, hellmouth_1, pan_entry, grunt_ministairs_2
Depths:4: kennysheep_bubble_arena, enter_ziggurat_a, grunt_hell_entry_dis_old,
          minmay_splitting_lines, pan_entry, abyss_entry
Depths:5: grunt_twist_and_shout, minmay_misc_feat_alley, lightli_too_deep,
          uniq_jory, uniq_xtahua
Lab:      nicolae_lab_dead_adventurers, nicolae_lab_big_swirl,
          nicolae_lab_very_dead_end, nicolae_lab_hexagon,
          nicolae_lab_flowing_pool, nicolae_lab_swirl
